AoeStats
← K

Arena

510114273Analyzed
4v4 RM · 3d ago on Sep 29, 2026· 45m 48s· 8 players
Game mode
Random Map
Map size
Large (8 player)
Population
200
Speed
Normal
Resources
Standard
Victory
Conquest
Starting age
Dark Age
Ending age
Imperial Age
RankedLock teamsTeams togetherTeam positionsShared explorationLock speedFull tech treeHidden civsTurbo modeCheats
Victory
Defeat
🇨🇳 Cumans · China
1145
+11
🇨🇳 Jurchens · China
1074
+14
🇬🇧 Turks · United Kingdom
1063
+14
🇨🇳 Japanese · China
935
+21
🇨🇳 Persians · China
1055
-16
🇨🇳 Britons · China
1029
-15
🇨🇳 Turks · China
1025
-15
🇬🇧 Saxons · United Kingdom
997
-14
Dayman
5:08 Loom
11:19 Feudal Age
15:59 Castle Age
14:15 Double-Bit Axe
18:08 Bow Saw
20:47 Redemption
23:10 Forging
24:27 Fortified Wall
28:24 Scale Mail Armor
32:16 Gold Mining
33:25 Chain Mail Armor
35:02 Gambesons
37:24 Squires
41:02 Gold Shaft Mining
43:26 Town Watch
再给窝喵喵叫.
0:44 Loom
10:34 Feudal Age
11:06 Horse Collar
11:14 Double-Bit Axe
18:40 Castle Age
18:53 Wheelbarrow
19:38 Stone Mining
19:39 Gold Mining
21:54 Heavy Plow
22:40 Bow Saw
24:43 Fletching
24:53 Padded Archer Armor
25:19 Hand Cart
26:21 Gold Mining
30:10 Imperial Age
29:51 Gold Shaft Mining
30:32 Leather Archer Armor
30:27 Bodkin Arrow
31:57 Ring Archer Armor
32:28 Bracer
33:24 Elite Longbowman
35:27 Conscription
37:15 Chemistry
36:38 Ballistics
40:15 Two-Man Saw
40:56 Yeomen
41:50 Fortified Wall
42:02 Masonry
42:57 Warwolf
lty20000612
11:06 Feudal Age
12:23 Double-Bit Axe
13:13 Horse Collar
17:26 Castle Age
17:22 Stone Mining
17:26 Gold Mining
18:50 Wheelbarrow
19:12 Bow Saw
29:43 Imperial Age
27:01 Loom
30:06 Stone Shaft Mining
30:07 Gold Shaft Mining
29:34 Kamandaran
30:19 Heavy Plow
30:43 Hand Cart
30:13 Town Watch
31:59 Crop Rotation
32:45 Elite War Elephant
33:50 Conscription
33:45 Pikeman
34:11 Gambesons
34:29 Squires
36:06 Two-Man Saw
35:19 Town Patrol
36:47 Hoardings
35:36 Cavalier
36:17 Husbandry
36:19 Heavy Camel Rider
37:18 Citadels
36:39 Sappers
37:12 Kamandaran
37:02 Halberdier
37:35 Savar
38:28 Bloodlines
37:45 Crossbowman
41:58 Forging
41:49 Scale Mail Armor
41:54 Scale Barding Armor
gongyi528
11:48 Feudal Age
10:03 Loom
13:31 Double-Bit Axe
13:37 Gold Mining
14:02 Horse Collar
17:11 Castle Age
18:27 Gold Shaft Mining
22:31 Imperial Age
20:27 Bow Saw
20:49 Padded Archer Armor
20:56 Heavy Plow
22:09 Leather Archer Armor
24:02 Ring Archer Armor
24:28 Wheelbarrow
38:37 Scale Barding Armor
40:27 Chain Barding Armor
42:23 Fortified Wall
42:37 Hand Cart
43:42 Plate Barding Armor
SAOWEN
6:43 Loom
8:58 Feudal Age
9:12 Feudal Age
10:03 Double-Bit Axe
11:02 Horse Collar
18:07 Wheelbarrow
21:02 Castle Age
20:07 Gold Mining
22:05 Hand Cart
21:52 Heavy Plow
22:07 Bloodlines
22:05 Scale Barding Armor
22:11 Forging
22:17 Bow Saw
23:15 Chain Barding Armor
23:35 Gold Shaft Mining
24:53 Iron Casting
35:47 Imperial Age
37:37 Ballistics
38:17 Chemistry
37:28 Masonry
36:42 Elite Steppe Lancer
37:29 Stone Mining
38:14 Crop Rotation
38:47 Two-Man Saw
37:22 Capped Ram
39:00 Plate Barding Armor
39:26 Blast Furnace
38:17 Fletching
38:27 Padded Archer Armor
39:16 Cuman Mercenaries
39:36 Conscription
39:17 Steppe Husbandry
38:48 Onager
38:55 Cavalier
42:19 Steppe Husbandry
41:40 Elite Kipchak
42:06 Paladin
43:48 Guilds
43:37 Bodkin Arrow
43:58 Leather Archer Armor
46:08 Thumb Ring
46:28 Parthian Tactics
46:36 Ring Archer Armor
Youduo
13:41 Feudal Age
14:47 Double-Bit Axe
18:13 Castle Age
17:37 Stone Mining
20:20 Bow Saw
21:49 Stone Mining
21:55 Gold Mining
23:17 Wheelbarrow
26:00 Horse Collar
29:06 Heavy Plow
30:24 Squires
30:40 Bloodlines
30:32 Husbandry
30:40 Thumb Ring
30:57 Fletching
31:18 Forging
31:14 Scale Barding Armor
31:12 Padded Archer Armor
35:12 Imperial Age
33:55 Hand Cart
33:24 Treadmill Crane
33:58 Scale Barding Armor
34:35 Gold Shaft Mining
34:46 Iron Casting
34:13 Padded Archer Armor
36:14 Chain Barding Armor
36:58 Blast Furnace
37:56 Two-Man Saw
37:24 Chain Barding Armor
37:16 Siege Engineers
37:38 Ballistics
37:51 Caravan
37:55 Bodkin Arrow
38:01 Scale Mail Armor
38:40 Conscription
39:45 Chemistry
38:13 Capped Ram
39:39 Herbal Medicine
39:08 Heavy Cavalry Archer
40:20 Parthian Tactics
39:58 Gambesons
39:59 Arson
40:52 Kataparuto
40:34 Yasama
41:09 Fortified Wall
40:57 Murder Holes
41:35 Coinage
40:56 Loom
40:59 Town Watch
42:05 Town Patrol
41:34 Elite Samurai
43:19 Bracer
43:35 Chain Mail Armor
43:36 Leather Archer Armor
43:34 Masonry
YuangXue
10:39 Feudal Age
12:16 Double-Bit Axe
12:29 Horse Collar
15:22 Castle Age
17:38 Bow Saw
19:46 Wheelbarrow
21:07 Heavy Plow
23:05 Hand Cart
27:51 Scale Barding Armor
28:10 Forging
29:07 Chain Barding Armor
29:41 Gold Mining
29:44 Stone Mining
31:07 Iron Casting
31:40 Treadmill Crane
32:06 Siege Engineers
33:00 Gold Shaft Mining
32:19 Loom
36:17 Imperial Age
35:06 Fletching
35:45 Masonry
35:59 Bodkin Arrow
36:19 Guard Tower
36:49 Ballistics
36:25 Murder Holes
38:32 Blast Furnace
38:07 Plate Barding Armor
37:33 Bracer
38:06 Architecture
38:37 Chemistry
38:22 Keep
37:33 Arrowslits
37:58 Fortified Wall
39:00 Hoardings
37:50 Elite Iron Pagoda
39:49 Architecture
39:05 Arrowslits
42:06 Fortified Bastions
42:17 Thunderclap Bombs
42:28 Conscription
42:43 Hoardings
41:39 Heavy Rocket Cart
K
12:55 Feudal Age
16:55 Castle Age
17:44 Double-Bit Axe
20:57 Imperial Age
19:39 Gold Mining
22:06 Padded Archer Armor
30:03 Gold Shaft Mining
30:30 Thumb Ring
36:55 Bow Saw
38:47 Horse Collar
40:04 Wheelbarrow
39:14 Loom
45:03 Leather Archer Armor
45:19 Hand Cart
44:50 Town Watch
Connection lost

Rejoining the realm…

Still unreachable

The connection could not be restored.

Session expired

The server has moved on; the page needs a fresh start.